 Dungeon Crawl Stone Soup version 0.27-a0-972-gd1521fd518 (webtiles) character file.

Game seed: 4647946370499912505

71 Alarkh the Insei (level 4, -2/33 HPs)
             Began as a Demonspawn Transmuter on Apr 13, 2021.
             Slain by a gnoll sergeant
             ... wielding a +0 trident
              (13 damage)
             ... on level 3 of the Dungeon.
             The game lasted 00:01:36 (1617 turns).

Alarkh the Insei (Demonspawn Transmuter)            Turns: 1617, Time: 00:01:36

Health: -2/33      AC:  9    Str: 11    XL:     4   Next: 5%
Magic:  0/7        EV: 12    Int: 15    God:
Gold:   45         SH:  0    Dex: 13    Spells: 6/7 levels left

rFire    . . .     SeeInvis .     - Unarmed
rCold    . . .     Faith    .   (no shield)
rNeg     . . .     Spirit   +   a - +0 robe
rPois    .         Reflect  .   (no helmet)
rElec    .         Harm     .   g - +0 cloak
rCorr    .         Rampage  .   (no gloves)
Will     .....                  (no boots)
Stlth    +.........             h - amulet of guardian spirit
HPRegen  0.11/turn              (no ring)
MPRegen  0.10/turn              (no ring)

@: sanguine armoured
A: spiny 1, sanguine armour 1
a: no special abilities


You were on level 3 of the Dungeon.
You visited 1 branch of the dungeon, and saw 3 of its levels.

You collected 45 gold pieces.

Inventory:

Armour
 a - a +0 robe (worn)
 g - a +0 cloak (worn)
Jewellery
 h - an amulet of guardian spirit (around neck)
Scrolls
 b - a scroll of enchant armour {unknown}
 c - a scroll of teleportation {unknown}
 d - a scroll of holy word {unknown}
 e - a scroll of blinking
 i - a scroll of enchant weapon {unknown}
 j - a scroll of magic mapping {unknown}
 r - a scroll of identify
Potions
 f - a potion of curing


   Skills:
 + Level 1.9 Fighting
 - Level 1.7 Dodging
 * Level 3.5 Unarmed Combat
 + Level 2.4 Spellcasting
 + Level 2.3 Transmutations


You had 6 spell levels left.
You knew the following spells:

 Your Spells              Type           Power      Damage    Failure   Level
a - Beastly Appendage     Tmut           16%        N/A       9%          1

Your spell library contained the following spells:

 Spells                   Type           Power      Damage    Failure   Level
 Wereblood                Tmut           8%         N/A       12%         2
 Spider Form              Tmut/Pois      2%         N/A       36%         3
 Ice Form                 Ice/Tmut       5%         N/A       78%         4
 Hydra Form               Tmut           4%         N/A       92%         5


Dungeon Overview and Level Annotations

Branches:
Dungeon (3/15)

Altars:

Shops:
D:2 =


Innate Abilities, Weirdness & Mutations

You are partially covered in sharp spines.
When seriously injured, your bleeding wounds create armour. (AC +6)


Message History

A kobold is nearby!
A kobold is nearby!
A kobold is nearby!
The kobold throws a stone.
The stone hits you but does no damage.
A gnoll sergeant comes into view. It is wielding a +0 trident.
A ball python, a rat and a quokka come into view.
Found a stone staircase leading down.
You closely miss the kobold. The kobold barely misses you.
You completely miss the kobold. Your headbutt misses the kobold.
Your horns disappear.
Your talons disappear.
The kobold closely misses you.
You hit the kobold.
The kobold is moderately wounded.
The kobold barely misses you.
You hit the kobold.
The kobold is severely wounded.
The ball python is struck by your spines.
You kill the ball python!
The kobold is struck by your spines.
You kill the kobold!
The gnoll sergeant is struck by your spines.
The gnoll sergeant barely misses you.
Found 8 gold pieces.
You hit the gnoll sergeant but do no damage.
You punch the gnoll sergeant, but do no damage.
The gnoll sergeant is lightly wounded.
The gnoll sergeant hits you with a +0 trident!
Your blood congeals into armour.
You hit the gnoll sergeant but do no damage.
The gnoll sergeant is lightly wounded.
The gnoll sergeant hits you with a +0 trident!
The rat barely misses you.
The quokka twitches its whiskers.
You are too injured to fight recklessly!
You are too injured to fight recklessly!
You are too injured to fight recklessly!
There are monsters nearby!
There are monsters nearby!
The gnoll sergeant hits you from afar with a +0 trident!
You die...

#..# #.# #.#
.##.###..###.# #.#
..................# #.#
#.........##.###### #.#
>...........# #.#
###....##.##†#########.#
....... #.##.†.......
#....##............
#...rr@............
#..#................
#.g###........... .....
#.!......... ##....
#........... #....
#........... #....$
#.......... ....##.
#......... ...# ##
#.........


You could see a gnoll sergeant, a quokka and a rat.

Vanquished Creatures
  A gnoll (D:1)
  2 adders
  A dart slug (D:1)
  2 ball pythons
  6 bats
  3 endoplasms (D:1)
  A giant cockroach (D:1)
  5 goblins (D:1)
  5 hobgoblins
  3 jackals (D:1)
  2 quokkas (D:1)
  3 frilled lizards
  3 kobolds
  2 rats
39 creatures vanquished.

Notes
Turn   | Place    | Note
-------+----------+-------------------------------------------
     0 | D:1      | Alarkh the Demonspawn Transmuter began the quest for the
                  | Orb.
     0 | D:1      | Reached XP level 1. HP: 15/15 MP: 3/3
    74 | D:1      | Reached skill level 3 in Unarmed Combat
    74 | D:1      | Gained mutation: You are partially covered in sharp spines.
                  | [demonic ancestry]
    74 | D:1      | Reached XP level 2. HP: 12/21 MP: 3/5
   276 | D:1      | Reached XP level 3. HP: 22/26 MP: 3/6
   904 | D:2      | Found a faded altar of an unknown god.
  1000 | D:2      | Found Xeusm's Jewellery Boutique.
  1598 | D:3      | Gained mutation: When seriously injured, your bleeding
                  | wounds create armour. (AC +6) [demonic ancestry]
  1598 | D:3      | Reached XP level 4. HP: 33/33 MP: 4/7
  1608 | D:3      | Noticed a gnoll sergeant
  1617 | D:3      | Slain by a gnoll sergeant

Illustrated notes

Levels and vault maps discovered:
D:1:      amcnicky_arrival_flooded_fountain, layout_basic, serial_park_tiny_2
D:2:      layout_basic, serial_shops, shop,
          hellmonk_ecumenical_altar_heavens_door, ebering_dispersal_statue_hall,
          minmay_misc_feat_hallway, chequers_serial_rivers_room_b
D:3:      layout_basic, nicolae_overflow_quartered_altars, minmay_bisected

Skill      XL: |  1 |
---------------+----+-----
Unarmed Combat | 3 |  3.5
Transmutations | 2 |  2.3
Fighting       | |  1.9
Dodging        | |  1.7
Spellcasting   | |  2.4

Action                   |  1- 3 |  4- 6 || total
-------------------------+-------+-------++-------
Melee: Unarmed           |    64 |     9 ||    73
       Headbutt          |     8 |     1 ||     9
       Kick              |    10 |       ||    10
       Punch             |       |     1 ||     1
 Cast: Beastly Appendage |    26 |       ||    26
  Use: Scroll            |     2 |       ||     2
 Stab: Sleeping          |     1 |       ||     1
Armor: Robe              |     8 |     1 ||     9
Dodge: Dodged            |    29 |     8 ||    37

Table legend: (Time is in decaauts)
 A = Elapsed time spent in this place.
 B = Non-inter-level travel time spent in this place.
 C = Inter-level travel time spent in this place.
 D = Time resting spent in this place.
 E = Time spent auto-exploring this place.
 F = Levels seen in this place.
 G = Mean time per level.
                   A        B        C        D        E       F      G
               +--------+--------+--------+--------+--------+-----+--------+
         Total |   1614 |   1541 |     73 |      0 |   1325 |   3 |  538.0 |
       Dungeon |   1614 |   1541 |     73 |      0 |   1325 |   3 |  538.0 |
               +--------+--------+--------+--------+--------+-----+--------+

Top non-repeatable levels by time:
     D:2: 804 daAuts
     D:1: 749 daAuts
     D:3: 60 daAuts
